 Dungeon Crawl Stone Soup version 0.29-a0-210-g9445043ebc (webtiles) character file.

Game seed: 4656130375379903788

6698 HotDog the Carver (level 10, -4/79 HPs)
             Began as a Minotaur Fighter on Feb 24, 2022.
             Was a Priest of the Shining One.
             Slain by a tengu warrior
             ... wielding a +3 long sword of electrocution
              (11 damage)
             ... on level 9 of the Dungeon.
             The game lasted 00:17:37 (11437 turns).

HotDog the Carver (Minotaur Fighter)               Turns: 11437, Time: 00:17:37

Health: -4/79      AC: 13    Str: 23    XL:     10   Next: 74%
Magic:  12/12      EV:  8    Int:  5    God:    the Shining One [***...]
Gold:   561        SH: 15    Dex: 10    Spells: 9/9 levels left

rFire   . . .      SeeInvis .   j - +4 long sword (holy)
rCold   . . .      Faith    .   H - +0 kite shield
rNeg    + . .      Spirit   .   g - +1 chain mail
rPois   .          Reflect  +   (helmet restricted)
rElec   .          Harm     .   o - +0 cloak
rCorr   .          Rampage  .   (no gloves)
Will    +....                   (no boots)
Stlth   ..........              f - amulet of reflection
HPRegen 0.23/turn               q - ring of flight
MPRegen 0.13/turn               s - ring of willpower

@: flying, glowing
A: horns 2, retaliatory headbutt, clumsy 1, frail 1
a: Renounce Religion, Divine Shield, Cleansing Flame


You were on level 9 of the Dungeon.
You worshipped the Shining One.
The Shining One was most pleased with you.
You visited 2 branches of the dungeon, and saw 13 of its levels.
You also visited: Sewer.

You collected 561 gold pieces.

Inventory:

Hand Weapons
 a - a +0 long sword
 j - a +4 long sword of holy wrath (weapon)
 B - a +0 demon blade of freezing
Missiles
 G - 2 throwing nets (quivered)
Armour
 g - a +1 chain mail (worn)
 o - a +0 cloak (worn)
 H - a +0 kite shield (worn)
Jewellery
 f - an amulet of reflection (around neck)
 q - a ring of flight (left hand)
 s - a ring of willpower (right hand)
 D - an amulet of the acrobat
 L - a ring of fire
Wands
 E - a wand of polymorph (2)
 F - a wand of iceblast (9)
Scrolls
 d - a scroll of immolation
 e - 2 scrolls of enchant weapon
 h - 5 scrolls of teleportation
 i - 2 scrolls of noise
 u - 6 scrolls of enchant armour
 x - a scroll of magic mapping
 y - 2 scrolls of amnesia
 z - a scroll of holy word {unknown}
 A - a scroll of fog
 C - a scroll of vulnerability {unknown}
 I - a scroll of fear {unknown}
Potions
 b - 2 potions of heal wounds
 c - a potion of might
 k - 3 potions of invisibility
 l - 2 potions of cancellation
 m - 3 potions of haste
 n - a potion of degeneration
 p - 2 potions of flight
 r - 2 potions of curing
 t - a potion of ambrosia {unknown}
 w - 4 potions of attraction
 J - a potion of berserk rage {unknown}
 K - a potion of lignification {unknown}


   Skills:
 * Level 7.9 Fighting
 * Level 11.3 Long Blades
 * Level 9.7 Armour
 * Level 5.4 Dodging
 * Level 8.3 Shields
 * Level 5.2 Invocations


You had 9 spell levels left.
You didn't know any spells.
Your spell library contained the following spells:

 Spells                   Type           Power      Damage    Failure   Level
 Animate Skeleton         Necr           0%         N/A       100%        1
 Apportation              Tloc           0%         N/A       100%        1
 Pain                     Necr           0%         1d4       100%        1
 Summon Small Mammal      Summ           0%         N/A       100%        1
 Static Discharge         Conj/Air       0%         N/A       100%        2
 Dazzling Flash           Conj/Hex       0%         N/A       100%        3
 Vampiric Draining        Necr           0%         2d6       100%        3
 Dispel Undead            Necr           0%         3d6       100%        4
 Olgreb's Toxic Radiance  Pois           0%         N/A       100%        4
 Sticky Flame             Conj/Fire      0%         2d3       100%        4
 Agony                    Necr           0%         N/A       100%        5
 Silence                  Hex/Air        0%         N/A       100%        5
 Ozocubu's Refrigeration  Ice            0%         4d5       100%        7
 Ignition                 Fire           0%         3d3       100%        8


Dungeon Overview and Level Annotations

Branches:
Dungeon (12/15)            Temple (1/1) D:4           Sewer (visited)
   Lair: D:8-11         Orc: D:9-12

Altars:
Ashenzari
Cheibriados
Dithmenos
Elyvilon
Fedhas
Gozag
Hepliaklqana
Kikubaaqudgha
Makhleb
Nemelex Xobeh
Okawaru
Qazlal
Ru
Sif Muna
Trog
Uskayaw
Vehumet
Wu Jian
Xom
Yredelemnul
Zin
The Shining One

Shops:
D:3 *   D:11 (


Innate Abilities, Weirdness & Mutations

You have a pair of horns on your head.
You reflexively headbutt those who attack you in melee.
You are clumsy. (Dex -2)
You are frail. (-10% HP)


Message History

The tengu warrior hits you but does no damage.
You block the tengu warrior's attack.
The tengu warrior claws you but does no damage.
The tengu warrior blocks your orc wizard's attack.
The tengu warrior blocks your orc's attack.
There is an escape hatch in the floor here.
You swap places.
The tengu warrior hits your orc with a +3 long sword of electrocution.
The tengu warrior closely misses your orc.
The tengu warrior barely misses your orc.
Your two-headed ogre hits the tengu warrior with a +0 giant club!
The tengu warrior blocks your two-headed ogre's attack.
Your orc wizard hits the tengu warrior with a +0 dagger.
The tengu warrior blocks your orc's attack.
What are your orders? t - Shout!
Orders for allies: a - Attack new target. r - Retreat! s - Stop attacking. g - Guard the area. f - Follow me.
Anything else - Cancel.
Gang up on whom?
Press: ? - help, Dir - move target, f - tengu warrior
Aim: a tengu warrior, wielding a +3 long sword of electrocution, wearing a +0 leather armour and wearing a +0 kite shield of fire resistance (lightly wounded, ally target, haloed) Attack!
The tengu warrior hits your orc with a +3 long sword of electrocution!
Your orc dies!
Your orc's corpse dissolves into shadows!
The tengu warrior blocks your orc's attack.
Your orc wizard hits the tengu warrior with a +0 dagger.
Your orc hits the tengu warrior with a +0 hand axe.
Unknown command.
The tengu warrior blocks your two-headed ogre's attack.
Your two-headed ogre hits the tengu warrior with a +0 giant spiked club!
There is an open door here.
You closely miss the tengu warrior.
The tengu warrior is heavily wounded.
The tengu warrior hits you with a +3 long sword of electrocution!
* * * LOW HITPOINT WARNING * * *
You are electrocuted!
You die...

#.......# #########..o....#
#####.........oO....#
......#######.oQ.o..# #######
#####o### #O.# #.## ####Q##
#...@)# #.....# #########
######## #[....# #.).....#
.......# #.....# #.......#
.......# #..[..# #.......#
.......# #.....# ####.......#
..)....######.....###..')......#
.......#....[.....##).##.......#
.......'.####.....').###>......#


You could see a tengu warrior (ally target), a friendly two-headed ogre
(summoned), a friendly orc wizard (summoned) and a friendly orc (summoned).

Vanquished Creatures
  A two-headed ogre (D:9)
  A manticore (D:11)
  An ugly thing (D:12)
  A centaur zombie (D:7)
  A komodo dragon (D:12)
  2 unseen horrors (D:10)
  A hornet (D:7)
  Grinder (D:3)
  A wraith (D:10)
  4 yaks
  2 wyverns
  A steam dragon (D:8)
  4 orc warriors
  2 ice beasts (D:8)
  A sky beast (D:5)
  An ogre (D:7)
  A black bear (D:4)
  A centaur (D:10)
  A gnoll sergeant (D:7)
  A bullfrog (D:7)
  A scorpion (D:3)
  A water moccasin zombie (D:3)
  A wyvern skeleton (D:5)
  7 wights
  A bullfrog zombie (D:6)
  3 orc priests
  A bullfrog skeleton (D:6)
  3 hounds
  Jessica (D:3)
  2 gnoll shamans
  Terence (D:3)
  8 orc wizards
  2 iguanas
  A hound zombie (D:5)
  A hound skeleton (D:5)
  2 howler monkey zombies
  A killer bee simulacrum (D:8)
  14 gnolls
  11 adders
  2 river rats (Sewer)
  A white imp (D:8)
  A howler monkey simulacrum (D:8)
  3 ufetubi (D:8)
  A dart slug (D:4)
  29 orcs
  10 ball pythons
  7 endoplasms
  4 giant cockroaches
  7 hobgoblins
  3 jackals (D:2)
  5 quokkas
  9 bats
  12 frilled lizards
  4 goblins
  8 kobolds
  14 rats
211 creatures vanquished.

Vanquished Creatures (collateral kills)
  An orc warrior (D:10)
  2 electric eels (D:8)
  A white imp (D:8)
4 creatures vanquished.

Grand Total: 215 creatures vanquished

Notes
Turn   | Place    | Note
-------+----------+-------------------------------------------
     0 | D:1      | HotDog the Minotaur Fighter began the quest for the Orb.
     0 | D:1      | Reached XP level 1. HP: 19/19 MP: 0/0
    94 | D:1      | Reached XP level 2. HP: 21/27 MP: 1/1
   310 | D:1      | Found a faded altar of an unknown god.
   320 | D:1      | Reached XP level 3. HP: 31/33 MP: 2/2
   403 | D:1      | Reached skill level 1 in Invocations
  1195 | D:2      | Reached skill level 3 in Long Blades
  1195 | D:2      | Reached skill level 1 in Dodging
  1195 | D:2      | Reached XP level 4. HP: 40/40 MP: 3/3
  1427 | D:2      | Found a blossoming altar of Fedhas.
  1808 | D:3      | Noticed Terence
  1814 | D:3      | Killed Terence
  1952 | D:3      | Reached XP level 5. HP: 30/46 MP: 5/5
  2079 | D:3      | Noticed Grinder
  2089 | D:3      | Killed Grinder
  2090 | D:3      | Reached skill level 4 in Long Blades
  2090 | D:3      | Reached skill level 5 in Armour
  2090 | D:3      | Reached XP level 6. HP: 40/53 MP: 6/6
  2245 | D:3      | Reached skill level 5 in Long Blades
  2403 | D:3      | Noticed Jessica
  2408 | D:3      | Killed Jessica
  2593 | D:3      | Found Ovvahaawyt's General Store.
  3218 | D:4      | Reached XP level 7. HP: 25/60 MP: 7/7
  3420 | D:4      | Found a glowing drain.
  3424 | Sewer    | Entered a sewer
  3524 | Sewer    | Reached skill level 6 in Long Blades
  3573 | Sewer    | Reached skill level 5 in Shields
  4019 | D:4      | Reached skill level 5 in Fighting
  4209 | D:4      | Found a staircase to the Ecumenical Temple.
  4328 | Temple   | Entered the Ecumenical Temple
  4486 | Temple   | Became a worshipper of the Shining One
  4578 | D:5      | Entered Level 5 of the Dungeon
  5178 | D:6      | Reached XP level 8. HP: 64/68 MP: 9/9
  5200 | D:6      | Reached skill level 7 in Long Blades
  6104 | D:6      | Noticed a cyclops
  6498 | D:7      | Reached * piety under the Shining One
  6538 | D:7      | Gained mutation: You are frail. (-10% HP) [potion of
                  | mutation]
  6538 | D:7      | Gained mutation: Your magical capacity is low. (-10% MP)
                  | [potion of mutation]
  6538 | D:7      | Gained mutation: You are very frail. (-20% HP) [potion of
                  | mutation]
  6538 | D:7      | Gained mutation: You have large cloven feet. [potion of
                  | mutation]
  6539 | D:7      | Lost mutation: You are very frail. (-20% HP) [potion of
                  | mutation]
  6539 | D:7      | Lost mutation: Your magical capacity is low. (-10% MP)
                  | [potion of mutation]
  6539 | D:7      | Lost mutation: You have large cloven feet. [potion of
                  | mutation]
  6539 | D:7      | Gained mutation: You are clumsy. (Dex -2) [potion of
                  | mutation]
  6539 | D:7      | Gained mutation: Your spells are a little easier to cast,
                  | but a little less powerful. [potion of mutation]
  6539 | D:7      | Lost mutation: Your spells are a little easier to cast, but
                  | a little less powerful. [potion of mutation]
  6624 | D:7      | Reached skill level 8 in Long Blades
  6817 | D:7      | Identified the +1 helmet "Qaliusah" {rElec rPois rF- rN+}
  7016 | D:7      | Noticed a hornet
  7024 | D:7      | Killed a hornet
  7280 | D:7      | Reached XP level 9. HP: 60/67 MP: 10/10
  7522 | D:8      | Reached skill level 9 in Long Blades
  7771 | D:8      | Found a glowing silver altar of Zin.
  8466 | D:8      | Reached ** piety under the Shining One
  8966 | D:9      | You are sucked into a shaft and drop 3 floors!
  8966 | D:12     | Noticed a komodo dragon
  8973 | D:12     | Killed a komodo dragon
  8974 | D:12     | Reached skill level 10 in Long Blades
  9027 | D:12     | Noticed a white ugly thing
  9045 | D:12     | Killed a white ugly thing
  9046 | D:12     | Reached XP level 10. HP: 37/77 MP: 12/12
  9337 | D:10     | Entered Level 10 of the Dungeon
  9582 | D:10     | Noticed a tengu warrior
  9584 | D:10     | Noticed a tengu warrior
  9605 | D:10     | Noticed a death knight
 10038 | D:11     | Noticed a manticore
 10048 | D:11     | Killed a manticore
 10374 | D:11     | Found Afere's Antique Weapon Shoppe.
 10394 | D:10     | Reached skill level 5 in Dodging
 10471 | D:10     | Noticed an orc knight
 10607 | D:9      | Reached *** piety under the Shining One
 10747 | D:9      | Noticed a two-headed ogre
 10756 | D:9      | Killed a two-headed ogre
 10757 | D:9      | Reached skill level 11 in Long Blades
 10757 | D:9      | Reached skill level 5 in Invocations
 11172 | D:9      | Identified the +7 mace "Dragonbane" {flame, Stlth+}
 11437 | D:9      | Slain by a tengu warrior

Illustrated notes

Levels and vault maps discovered:
D:1:      saegor_arrival_simple_c, layout_rooms, ebering_ecumenical_altar_webs
D:2:      layout_basic, basic_altar
D:3:      layout_basic, serial_shops, shop_fountains, minmay_puff, uniq_terence,
          uniq_grinder, uniq_jessica
D:4:      layout_rooms, temple_doors_e, gup_sewer_entry_spiral
D:5:      layout_basic
D:6:      layout_rooms, minmay_fountain_box
D:7:      layout_loops_ring, hex_tiny
D:8:      layout_basic, zin_statuary, serial_ice, serial_ice_g, serial_ice_a,
          serial_ice_b, serial_ice_f, serial_ice_l, serial_ice_c, serial_ice_d
D:9:      layout_roguey
D:10:     minmay_chambers_of_sevens, layout_rooms
D:11:     minmay_the_grid_square_5x5_3x3 [minmay_the_grid_square_5x5_two_small,
          minmay_the_grid_square_5x5_six_small,
          minmay_the_grid_square_5x5_empty, minmay_the_grid_square_5x5_plus,
          minmay_the_grid_square_5x5_megaprize_diamond,
          minmay_the_grid_square_5x5_trominoes,
          minmay_the_grid_square_5x5_almost_minimal,
          minmay_the_grid_square_5x5_fancy_junction,
          minmay_the_grid_square_5x5_inner_z], layout_basic, lair_entry_dummy,
          serial_shops, shop_statue, hex_medium
D:12:     layout_roguey, hiddenorc1_lemuel, enter_trove_5,
          nicolae_island_escapes
Temple:   compressed_dpeg_triangle_lava_temple

Skill      XL: |  1  2  3  4  5  6  7  8  9 10 |
---------------+-------------------------------+-----
Fighting       | 4 5 6 7 |  7.9
Armour         | 4 5 6 7 8 9 |  9.7
Invocations    | 1 2 3 4 5 |  5.2
Shields        | 4 5 6 7 8 |  8.3
Long Blades    | 3 4 5 6 8 10 11 | 11.3
Dodging        | 1 2 3 4 5 |  5.4

Action                   |  1- 3 |  4- 6 |  7- 9 | 10-12 || total
-------------------------+-------+-------+-------+-------++-------
Melee: Long sword        |    85 |    90 |   303 |   114 ||   592
       Headbutt          |    10 |    10 |    61 |    37 ||   118
  Use: Scroll            |     6 |     3 |    11 |     6 ||    26
       Potion            |     1 |       |     7 |     2 ||    10
Armor: Scale mail        |    19 |       |       |       ||    19
       Chain mail        |    48 |    56 |   112 |    49 ||   265
Dodge: Dodged            |    26 |    33 |    81 |    59 ||   199
Block: Buckler           |    25 |    40 |   158 |    54 ||   277
       Reflection        |       |     2 |     1 |     1 ||     4
       Kite shield       |       |       |       |    43 ||    43

Table legend: (Time is in decaauts)
 A = Elapsed time spent in this place.
 B = Non-inter-level travel time spent in this place.
 C = Inter-level travel time spent in this place.
 D = Time resting spent in this place.
 E = Time spent auto-exploring this place.
 F = Levels seen in this place.
 G = Mean time per level.
                   A        B        C        D        E       F      G
               +--------+--------+--------+--------+--------+-----+--------+
         Total |  11505 |  11060 |    445 |   3353 |   5596 |  14 |  821.8 |
       Dungeon |  10791 |  10346 |    445 |   3353 |   5110 |  12 |  899.2 |
        Temple |    181 |    181 |      0 |      0 |    133 |   1 |  181.0 |
         Sewer |    532 |    532 |      0 |      0 |    353 |   1 |  532.0 |
               +--------+--------+--------+--------+--------+-----+--------+

Top non-repeatable levels by time:
     D:7: 1707 daAuts
     D:8: 1442 daAuts
     D:2: 1347 daAuts
     D:3: 1220 daAuts
     D:9: 918 daAuts
    D:11: 778 daAuts
     D:6: 750 daAuts
     D:4: 713 daAuts
     D:1: 643 daAuts
   Sewer: 532 daAuts
     D:5: 488 daAuts
    D:10: 421 daAuts
    D:12: 360 daAuts
  Temple: 181 daAuts
